 Dungeon Crawl Stone Soup version 0.29-a0-1023-g6ae1a4a2c7 (webtiles) character file.

Game seed: 14400318102358472174

1169 Essalna the Ruffian (level 8, -3/68 HPs)
             Began as a Yellow Draconian Transmuter on Aug 11, 2022.
             Slain by a cyclops (16 damage)
             ... on level 6 of the Dungeon.
             The game lasted 00:10:05 (5824 turns).

Essalna the Ruffian (Yellow Draconian Transmuter)   Turns: 5824, Time: 00:10:06

Health: -3/68      AC: 10    Str: 13    XL:     8   Next: 17%
Magic:  12/12      EV: 12    Int: 15    God:
Gold:   302        SH:  5    Dex: 12    Spells: 5/13 levels left

rFire   . . .      SeeInvis .     - Unarmed
rCold   . . .      Faith    .   (no shield)
rNeg    . . .      Spirit   .   (body armour unavailable)
rPois   +          Reflect  +   (helmet currently unavailable)
rElec   .          Harm     .   (no cloak)
rCorr   +          Rampage  .   (no gloves)
Will    .....                   (boots currently unavailable)
Stlth   +.........              s - amulet of reflection
HPRegen 0.21/turn               a - +4 ring of protection
MPRegen 0.13/turn               r - ring of poison resistance

@: about to teleport, appendages, weakened
A: horns 2, talons 2, spit acid, AC +6, unfitting armour, cold-blooded, acid
resistance
a: Breathe Acid, End Transformation


You were on level 6 of the Dungeon.
You had temporarily grown beastly horns and talons.
You visited 1 branch of the dungeon, and saw 6 of its levels.

You collected 302 gold pieces.

Inventory:

Jewellery
 a - a +4 ring of protection (left hand)
 r - a ring of poison resistance (right hand)
 s - an amulet of reflection (around neck)
Wands
 t - a wand of paralysis (7)
 u - a wand of flame (3)
Scrolls
 e - 2 scrolls of noise
 f - 5 scrolls of identify
 g - a scroll of immolation {unknown}
 h - a scroll of fear {unknown}
 i - 2 scrolls of poison {unknown}
 j - 2 scrolls of butterflies {unknown}
 m - 2 scrolls of teleportation
 o - a scroll of enchant weapon {unknown}
 p - 2 scrolls of blinking {unknown}
 q - a scroll of amnesia {unknown}
Potions
 b - a potion of berserk rage {unknown}
 c - 3 potions of mutation {unknown}
 d - a potion of attraction {unknown}
 k - a potion of magic {unknown}
 l - 2 potions of might {unknown}
 n - 2 potions of cancellation {unknown}


   Skills:
 + Level 5.3 Fighting
 - Level 1.7 Dodging
 + Level 5.7 Unarmed Combat
 - Level 3.0 Spellcasting
 + Level 5.2 Transmutations
 + Level 3.7 Ice Magic


You had 5 spell levels left.
You knew the following spells:

 Your Spells              Type           Power      Damage    Failure   Level
a - Beastly Appendage     Tmut           36%        N/A       2%          1
b - Spider Form           Tmut/Pois      10%        N/A       21%         3
c - Ice Form              Ice/Tmut       15%        N/A       32%         4

Your spell library contained the following spells:

 Spells                   Type           Power      Damage    Failure   Level
 Wereblood                Tmut           18%        N/A       3%          2
 Summon Forest            Summ/Tloc      1%         N/A       99%         5
 Summon Mana Viper        Hex/Summ       2%         N/A       99%         5
 Summon Cactus Giant      Summ           1%         N/A       100%        6


Dungeon Overview and Level Annotations

Branches:
Dungeon (6/15)
 Temple: D:4-7

Altars:
Ashenzari
Okawaru
Trog
Wu Jian
Zin

Annotations:
D:3 3 runed translucent doors, Ajdolov's ghost, weakling VSFE; Destapler's ghost, amateur GnWn; dricus's ghost, amateur GrFi


Innate Abilities, Weirdness & Mutations

You have temporarily grown beastly horns and talons.
You can spit globs of acid.
Your golden yellow scales are hard. (AC +6)
You cannot fit into any form of body armour.
You are cold-blooded and may be slowed by cold attacks.
You are resistant to acid. (rCorr)


Message History

The cyclops hits you!
* * * LOW HITPOINT WARNING * * *
You hit the cyclops but do no damage. You claw the cyclops.
The cyclops is heavily wounded.
The iguana closely misses you. The cyclops barely misses you.
You hit the cyclops but do no damage. You headbutt the cyclops.
You tail-slap the cyclops, but do no damage.
The cyclops is severely wounded.
The iguana bites you but does no damage.
The centaur shouts!
You hit the cyclops.
The cyclops is severely wounded.
You hear an angry growl.
You hear a shout!
You hear an angry hiss.
You block the iguana's attack.
A gnoll bouda comes into view. It is wielding a +0 club.
You block the cyclops's attack.
Okay, then.
As you read the scroll labelled NATOISO DESHORIC, it crumbles to dust.
It is a scroll of identify.
e - 2 scrolls of noise The gnoll bouda gazes fiercely through you!
You feel your attacks grow feeble. You block the iguana's attack.
The cyclops closely misses you.
As you read the scroll labelled KEOMOI LUNLU, it crumbles to dust.
You feel strangely unstable.
It was a scroll of teleportation.
The iguana closely misses you.
You hit the cyclops but do no damage. You claw the cyclops.
You punch the cyclops.
The cyclops is severely wounded.
The iguana bites you but does no damage.
A black bear comes into view.
The cyclops hits you!
* * * LOW HITPOINT WARNING * * *
You completely miss the cyclops. You claw the cyclops.
The cyclops is severely wounded.
The iguana barely misses you.
You hit the cyclops. You claw the cyclops, but do no damage.
The cyclops is severely wounded.
The cyclops hits you!
You die...

.. #.. #.#
...#...#. # #.#
..h...... .# #.#
..#...#.. #.# #.#
.#...#...#..#
##.#
#...#...#[..#
#..# #...#.c.#..#
#.##
..#...#Cl.#.# #.#
....g..@...^####
##.###
.###.###........#
#.....
#.###.######.#
#.#### #....†#
#.# #.# ##
>...###†######.#
#.###. ##
#))...##.# #.....
#.###)###.##.#
#####.
#....)###.##.# #.
#####........# #.


You could see a cyclops, a black bear, a centaur, a gnoll bouda and an iguana.

Vanquished Creatures
  Eustachio (D:5)
  Menkaure (D:6)
  A water moccasin (D:6)
  A black bear (D:5)
  2 ogres
  A necrophage (D:5)
  A scorpion (D:5)
  A howler monkey (D:5)
  A jelly (D:5)
  A gnoll bouda (D:6)
  2 hounds
  2 iguanas (D:4)
  An orc wizard (D:3)
  2 gnolls
  4 adders
  2 shadow imps
  A white imp (D:4)
  A worm (D:2)
  3 dart slugs
  8 orcs
  3 ball pythons
  3 endoplasms
  4 giant cockroaches
  17 goblins
  12 hobgoblins
  2 jackals (D:4)
  10 kobolds
  4 quokkas
  10 bats
  4 frilled lizards
  3 rats
109 creatures vanquished.

Vanquished Creatures (others)
  An orc wizard (D:6)
  4 withered plants (D:3)
5 creatures vanquished.

Grand Total: 114 creatures vanquished

Notes
Turn   | Place    | Note
-------+----------+-------------------------------------------
     0 | D:1      | Essalna the Draconian Transmuter began the quest for the
                  | Orb.
     0 | D:1      | Reached XP level 1. HP: 16/16 MP: 3/3
   238 | D:1      | Reached XP level 2. HP: 23/23 MP: 3/5
   556 | D:1      | Found a faded altar of an unknown god.
   702 | D:1      | Reached XP level 3. HP: 20/29 MP: 4/6
   706 | D:1      | Learned a level 3 spell: Spider Form
  1998 | D:2      | Reached XP level 4. HP: 24/37 MP: 5/7
  2658 | D:3      | Found an ornate altar of the Wu Jian Council.
  2745 | D:3      | Found a runed translucent gate.
  2746 | D:3      | Found a runed translucent gate.
  2746 | D:3      | Found a runed translucent gate.
  2746 | D:3      | Noticed dricus's ghost (amateur GrFi)
  2746 | D:3      | Noticed Destapler's ghost (amateur GnWn)
  2747 | D:3      | Noticed Ajdolov's ghost (weakling VSFE)
  2870 | D:3      | Found a glowing silver altar of Zin.
  2881 | D:3      | Found a bloodstained altar of Trog.
  3133 | D:5      | Entered Level 5 of the Dungeon
  3327 | D:5      | Reached XP level 5. HP: 41/45 MP: 6/8
  3468 | D:5      | Noticed Eustachio
  3473 | D:5      | Noticed a black bear
  3948 | D:4      | Learned a level 4 spell: Ice Form
  4035 | D:4      | Noticed an ogre
  4217 | D:4      | Killed an ogre
  4218 | D:4      | Reached XP level 6. HP: 32/52 MP: 10/10
  4504 | D:5      | Killed Eustachio
  4505 | D:5      | Reached skill level 1 in Ice Magic
  4539 | D:5      | Your scales start taking on a golden yellow colour.
  4539 | D:5      | Reached XP level 7. HP: 31/59 MP: 11/11
  4539 | D:5      | Gained mutation: You are resistant to acid. (rCorr) [Yellow
                  | Draconian growth]
  4788 | D:5      | Reached skill level 5 in Unarmed Combat
  5085 | D:5      | Found a broken altar of Ashenzari.
  5384 | D:6      | Found an iron altar of Okawaru.
  5478 | D:6      | Noticed Menkaure
  5489 | D:6      | Killed Menkaure
  5490 | D:6      | Reached skill level 5 in Fighting
  5490 | D:6      | Reached skill level 5 in Transmutations
  5731 | D:6      | Reached XP level 8. HP: 54/68 MP: 12/12
  5807 | D:6      | Noticed a cyclops
  5824 | D:6      | Slain by a cyclops

Illustrated notes

Levels and vault maps discovered:
D:1:      wander_arrival_fairy_ring, layout_loops_corners,
          hellmonk_ecumenical_altar_inner_sanctum, minmay_tromino_i4
D:2:      layout_loops_ring, minivault_11
D:3:      wander_river, layout_rooms, amethyst_overflow_temple_binary,
          nicolae_wu_jian_immortal_techniques, gammafunk_ghost_cemetery
D:4:      layout_rooms, kennysheep_small_spiral, minmay_ogre_servants
D:5:      layout_rooms, mainiacjoe_overflow_surrounded_room,
          minmay_quadrilaterals, uniq_eustachio
D:6:      cheibrodos_fzero, layout_loops_corners, okawaru_trees_2,
          dk_rats_in_the_wall, uniq_crazy_yiuf_cottage, uniq_menkaure,
          uniq_grinder

Skill      XL: |  1  2  3  4  5  6  7 |
---------------+----------------------+-----
Fighting       | 2 3 4 5 |  5.3
Transmutations | 3 4 5 |  5.2
Unarmed Combat | 4 5 |  5.7
Spellcasting   | 3 |  3.0
Ice Magic      | 2 3 |  3.7
Dodging        | |  1.7

Action                   |  1- 3 |  4- 6 |  7- 9 || total
-------------------------+-------+-------+-------++-------
Melee: Unarmed           |    93 |   134 |   108 ||   335
       Kick              |    13 |    27 |    25 ||    65
       Tailslap          |    10 |    15 |    11 ||    36
       Headbutt          |    16 |    19 |    24 ||    59
       Punch             |       |     6 |     5 ||    11
 Cast: Beastly Appendage |    37 |    34 |    11 ||    82
 Abil: Breathe Acid      |       |       |     2 ||     2
  Use: Potion            |       |     1 |       ||     1
       Scroll            |       |       |     2 ||     2
 Stab: Sleeping          |       |     1 |     1 ||     2
Armor: Skin              |    29 |    63 |    34 ||   126
Dodge: Dodged            |    73 |    96 |    49 ||   218
Block: Other             |       |       |    16 ||    16

Table legend: (Time is in decaauts)
 A = Elapsed time spent in this place.
 B = Non-inter-level travel time spent in this place.
 C = Inter-level travel time spent in this place.
 D = Time resting spent in this place.
 E = Time spent auto-exploring this place.
 F = Levels seen in this place.
 G = Mean time per level.
                   A        B        C        D        E       F      G
               +--------+--------+--------+--------+--------+-----+--------+
         Total |   5815 |   5694 |    121 |    157 |   4697 |   6 |  969.2 |
       Dungeon |   5815 |   5694 |    121 |    157 |   4697 |   6 |  969.2 |
               +--------+--------+--------+--------+--------+-----+--------+

Top non-repeatable levels by time:
     D:5: 1330 daAuts
     D:1: 1274 daAuts
     D:2: 1041 daAuts
     D:4: 1029 daAuts
     D:3: 632 daAuts
     D:6: 508 daAuts
